 Dungeon Crawl Stone Soup version 0.25-a0-398-g1920f1ac21 (webtiles) character file.

Game seed: 7803177029520730521, levelgen mode: deterministic

116914 DerDa the Warrior (level 16, 0/235 HPs)
             Began as a Minotaur Berserker on Jan 8, 2020.
             Was a High Priest of Trog.
             Slain by an emperor scorpion (14 damage)
             ... on level 2 of the Spider Nest.
             The game lasted 01:31:00 (24287 turns).

DerDa the Warrior (Minotaur Berserker)             Turns: 24287, Time: 01:31:02

Health: 0/235      AC: 19    Str: 43      XL:     16   Next: 22%
Magic:  22/22      EV: 18    Int:  4      God:    Trog [*****.]
Gold:   1616       SH: 15    Dex: 12 (13) Spells: 15/15 levels left

rFire    + . .     SeeInvis .   a - +3 double sword
rCold    x . .     Gourm    .   S - +2 shield
rNeg     . . .     Faith    .   K - +0 chain mail of Ugoc {Str+5 Dex+4}
rPois    .         Spirit   .   G - +1 hat
rElec    .         Reflect  .   j - +1 cloak
rCorr    .         Harm     .   D - +0 pair of gloves (curse)
MR       ++++.                  v - +0 pair of boots
Stlth    ..........             H - amulet of regeneration
HPRegen  1.89/turn              n - ring of protection from magic
MPRegen  0.18/turn              Z - ring of Joifulew {Fire Str+7 Dex-4}

@: berserking, lethally poisoned (0 -> -15), regenerating, studying Dodging,
very quick
A: retaliatory headbutt, horns 2
a: Berserk, Trog's Hand, Brothers in Arms, Renounce Religion


You were on level 2 of the Spider Nest.
You worshipped Trog.
Trog was extremely pleased with you.
You were very hungry.

You visited 5 branches of the dungeon, and saw 26 of its levels.
You also visited: Sewer, Ossuary and Ice Cave.

You collected 3805 gold pieces.
You spent 2189 gold pieces at shops.

Inventory:

Hand Weapons
 a - a +3 double sword (weapon)
 b - a +1 hand crossbow of flaming
 r - a +4 scimitar of flaming
 T - a +4 antimagic scimitar
Missiles
 w - 152 bolts
Armour
 j - a +1 cloak (worn)
 v - a +0 pair of boots (worn)
 D - a cursed +0 pair of gloves (worn)
 G - a +1 hat (worn)
 K - the +0 chain mail of Ugoc (worn) {Str+5 Dex+4}
   (You bought it in a shop on level 9 of the Dungeon)

   It affects your strength (+5).
   It affects your dexterity (+4).
 S - a +2 shield (worn)
 X - +0 ice dragon scales
Jewellery
 e - an uncursed ring of fire
 n - a ring of protection from magic (left hand)
 p - an uncursed ring of flight
 H - an amulet of regeneration (around neck)
 P - an uncursed ring of positive energy
 Z - the ring of Joifulew (right hand) {Fire Str+7 Dex-4}
   (You found it on level 3 of the Lair of Beasts)

   [ring of fire]

   It enhances your fire magic.
   It affects your strength (+7).
   It affects your dexterity (-4).
   It protects you from fire.
   It makes you vulnerable to cold.
Wands
 f - a wand of scattershot (5)
 i - a wand of iceblast (6)
 E - a wand of enslavement (10)
 J - a wand of clouds (9)
 O - a wand of flame (21)
 Q - a wand of paralysis (11)
Scrolls
 l - a scroll of brand weapon
 m - 7 scrolls of remove curse
 o - 2 scrolls of enchant weapon
 q - 6 scrolls of blinking
 u - 10 scrolls of fear
 x - 3 scrolls of magic mapping
 y - a scroll of identify
 B - a scroll of summoning
 I - 10 scrolls of teleportation
 L - 3 scrolls of immolation
 N - 2 scrolls of fog
Potions
 d - 8 potions of curing
 g - 4 potions of cancellation
 h - a potion of berserk rage
 k - 3 potions of invisibility
 s - 4 potions of might
 A - 5 potions of resistance
 C - 5 potions of haste
 M - 2 potions of agility
 R - 3 potions of ambrosia
 Y - 2 potions of heal wounds
Books
 F - a manual of Dodging
Miscellaneous
 t - a lightning rod (4/4)
 W - a box of beasts
Comestibles
 c - 39 rations


   Skills:
 * Level 17.9 Fighting
 + Level 13.5 Long Blades
 + Level 1.7 Throwing
 + Level 13.2 Armour
 * Level 17.5 Dodging
 + Level 7.0 Shields
 + Level 9.8 Evocations


You had 15 spell levels left.
You didn't know any spells.
Your spell library was empty.

Dungeon Overview and Level Annotations

Branches:
Dungeon (15/15)            Temple (1/1) D:7            Lair (6/6) D:11
  Swamp (0/4) Lair:4       Spider (2/4) Lair:3        Slime (0/5) Lair:5
    Orc (2/2) D:12            Elf (0/3) Orc:2        Vaults (0/5) D:14
 Depths (0/5) D:15          Sewer (visited)         Ossuary (visited)
  IceCv (visited)

Altars:
Ashenzari
Cheibriados
Dithmenos
Elyvilon
Fedhas
Gozag
Hepliaklqana
Kikubaaqudgha
Makhleb
Nemelex Xobeh
Okawaru
Qazlal
Ru
Sif Muna
Trog
Uskayaw
Vehumet
Wu Jian
Xom
Yredelemnul
Zin
The Shining One
Beogh

Shops:
D:5 ?   D:8 }*   D:9 ([=[   D:11 :*!   D:12 [   Orc:1 *   Orc:2 *[:(

Annotations:
D:11 2 transporters, Fieqaj's ghost, journeyman TeCj


Innate Abilities, Weirdness & Mutations

You reflexively headbutt those who attack you in melee.
You have a pair of horns on your head.


Message History

You hear an angry hiss.
The emperor scorpion stings you.
* * * LOW HITPOINT WARNING * * *
You are lethally poisoned!
The emperor scorpion poisons you!
You block the emperor scorpion's attack.
The emperor scorpion closely misses you.
You barely miss the emperor scorpion.
Your headbutt misses the emperor scorpion.
The emperor scorpion is almost dead.
* * * LOW HITPOINT WARNING * * *
You feel very sick.
You are too berserk!
You hit the emperor scorpion.
Your headbutt misses the emperor scorpion.
The emperor scorpion is almost dead.
* * * LOW HITPOINT WARNING * * *
You feel very sick. The emperor scorpion stings you!
You die...

... ##
#..###.........## ..
...# #.#..........##
##..
.....###..##########
^... ^.........####
###. ....#......## ##
... #..s....## .## ^.
###......# ... #s######
... ##@#####.# ....
####.....^# ......
##s.......#.#
........####........^#
... #.s...s.........#
.....................#
....##................#
... #....#...........#
##. ##..##...........#


You could see an emperor scorpion and an orb spider.

Vanquished Creatures
  Gastronok (D:9)
  A frost giant (D:15)
  A ghost moth (Spider:1)
  An orc warlord (Orc:1)
  The ghost of Yroovet the Grappler, a journeyman TrFi of Wu Jian (Lair:3)
  A fire dragon (Lair:6)
  3 hydras
  Harold (Orc:1)
  2 ice dragons (IceCv)
  3 vault guards (D:14)
  A catoblepas (D:15)
  Erica (D:11)
  A centaur warrior (D:15)
  A death knight (D:13)
  4 two-headed ogres
  Urug (Lair:1)
  3 orc high priests (Orc:2)
  Sonja (D:13)
  A fire crab (Lair:6)
  3 skeletal warriors (D:11)
  Nergalle (Lair:3)
  2 unseen horrors
  A wizard (D:14)
  A phantasmal warrior (D:13)
  2 deep elf magi (D:15)
  6 orc knights
  An oklob plant (Lair:2)
  2 orb spiders (Spider:1)
  5 orc sorcerers
  A manticore (D:13)
  9 wolf spiders (Spider:1)
  2 cyclopes
  12 ugly things
  17 elephants
  A moth of wrath (Spider:1)
  Maurice (D:8)
  6 black mambas
  15 spiny frogs
  2 ice statues (IceCv)
  3 centaur skeletons
  Maggie (D:8)
  2 molten gargoyles (Lair:6)
  A torpor snail (Spider:1)
  2 kobold demonologists
  A gargoyle (D:12)
  7 rime drakes
  A yaktaur (D:14)
  3 demonic crawlers
  14 komodo dragons
  A freezing wraith (D:13)
  4 trolls
  10 jumping spiders
  2 polar bears
  2 bog bodies (Lair:4)
  A meliai (shapeshifter) (D:14)
  6 hornets
  7 slime creatures (D:14)
  20 blink frogs
  17 dream sheep
  17 hippogriffs
  17 tarantellas
  15 redbacks
  A vampire (D:14)
  8 wraiths
  5 wyverns
  4 fire elementals (D:13)
  40 yaks
  12 spriggans (Lair:4)
  4 steam dragons
  6 basilisks
  A hungry ghost (D:12)
  A warg (Orc:2)
  An acid dragon (D:15)
  7 water moccasins
  3 hell hounds (Lair:6)
  4 porcupines
  2 sky beasts
  5 black bears
  3 phantoms
  3 eyes of draining
  25 orc warriors
  3 necrophages
  26 ice beasts
  7 boggarts
  13 wolves
  5 ogres
  21 big kobolds
  6 crocodiles
  24 bullfrogs
  2 spiny frog simulacra (Lair:3)
  A water moccasin skeleton (D:8)
  6 scorpions
  6 killer bees (D:10)
  2 electric eels (D:7)
  2 howler monkeys (D:11)
  A fire crab simulacrum (Lair:3)
  5 lava snakes (Lair:6)
  6 centaur zombies
  7 crimson imps
  2 quasits
  A wyvern simulacrum (Lair:3)
  A komodo dragon simulacrum (Lair:3)
  2 bullfrog zombies
  2 hippogriff simulacra (Lair:3)
  22 orc priests
  3 bullfrog skeletons
  7 hounds
  5 jellies
  33 orc wizards
  5 iguanas
  10 worker ants
  A big kobold zombie (Ossuary)
  8 mummies (Ossuary)
  Robin (D:3)
  A worker ant zombie (D:10)
  3 gnolls (D:2)
  12 adders
  A howler monkey skeleton (D:7)
  A river rat (D:3)
  6 shadow imps
  2 oozes
  An adder zombie (D:8)
  An adder skeleton (D:7)
  5 worms
  5 dart slugs
  12 leopard geckos
  110 orcs
  11 giant cockroaches
  9 hobgoblins
  10 jackals
  23 kobolds
  4 quokkas
  6 ball pythons
  10 bats
  14 frilled lizards
  12 goblins
  2 hobgoblin zombies (Ossuary)
  A jackal zombie (D:5)
  3 kobold zombies (Ossuary)
  2 orc zombies (Ossuary)
  14 rats
  2 rat zombies (D:7)
  A plant (Lair:2)
938 creatures vanquished.

Vanquished Creatures (collateral kills)
  2 oklob plants (Lair:2)
2 creatures vanquished.

Vanquished Creatures (others)
  5 fungi
  6 plants
11 creatures vanquished.

Grand Total: 951 creatures vanquished

Notes
Turn   | Place    | Note
-------+----------+-------------------------------------------
     0 | D:1      | DerDa the Minotaur Berserker began the quest for the Orb.
     0 | D:1      | Reached XP level 1. HP: 19/19 MP: 0/0
   230 | D:1      | Reached XP level 2. HP: 17/27 MP: 1/1
   741 | D:2      | Reached ** piety under Trog
   783 | D:2      | Reached XP level 3. HP: 33/33 MP: 2/2
   868 | D:2      | Reached XP level 4. HP: 26/41 MP: 3/3
  1544 | D:2      | Found a shimmering blue altar of Sif Muna.
  1806 | D:3      | Found a sparkling altar of Nemelex Xobeh.
  1837 | D:3      | Reached skill level 5 in Fighting
  1885 | D:3      | Reached XP level 5. HP: 27/48 MP: 4/4
  1903 | D:3      | Found a glowing drain.
  1912 | Sewer    | Entered a sewer
  2124 | Sewer    | Reached *** piety under Trog
  2845 | D:3      | You fall into a shaft and drop 2 floors!
  2845 | D:5      | Entered Level 5 of the Dungeon
  2868 | D:5      | Reached XP level 6. HP: 32/57 MP: 5/5
  3141 | D:5      | Found Luorex's Magic Scroll Emporium.
  3148 | D:5      | Bought a scroll of identify for 28 gold pieces
  3148 | D:5      | Bought a scroll of identify for 28 gold pieces
  3148 | D:5      | Bought a scroll of identify for 28 gold pieces
  3148 | D:5      | Bought a scroll of magic mapping for 49 gold pieces
  3148 | D:5      | Bought a scroll of identify for 28 gold pieces
  3622 | D:4      | Reached **** piety under Trog
  3782 | D:4      | Reached skill level 5 in Long Blades
  3810 | D:4      | Reached skill level 5 in Dodging
  3839 | D:4      | Reached XP level 7. HP: 39/64 MP: 6/6
  4545 | D:3      | Noticed Robin
  4550 | D:3      | Reached ***** piety under Trog
  4550 | D:3      | Received a gift from Trog
  4571 | D:3      | Killed Robin
  4646 | D:5      | Bought a scroll of teleportation for 42 gold pieces
  4646 | D:5      | Bought a scroll of fear for 49 gold pieces
  4998 | D:6      | Reached XP level 8. HP: 73/73 MP: 7/7
  5005 | D:6      | Reached skill level 5 in Armour
  5030 | D:6      | Reached skill level 1 in Evocations
  5583 | D:7      | Found a staircase to the Ecumenical Temple.
  5604 | D:7      | Found a sand-covered staircase.
  5615 | Ossuary  | Entered an ossuary
  5632 | Ossuary  | Received a gift from Trog
  5850 | Temple   | Entered the Ecumenical Temple
  5992 | D:7      | Found an ornate altar of the Wu Jian Council.
  5993 | D:7      | Found a snail-covered altar of Cheibriados.
  5994 | D:7      | Found a hide-covered altar of Uskayaw.
  6040 | D:7      | Got a shimmering war axe
  6040 | D:7      | Identified the +10 war axe "Ixaryr" {protect, Int+5} (You
                  | found it on level 7 of the Dungeon)
  6160 | D:7      | Reached XP level 9. HP: 47/82 MP: 9/9
  6624 | D:5      | Bought a scroll of amnesia for 49 gold pieces
  6624 | D:5      | Bought a scroll of remove curse for 42 gold pieces
  6624 | D:5      | Bought a scroll of fog for 28 gold pieces
  6630 | D:5      | Identified a scroll of acquirement
  6749 | D:8      | Noticed Maggie
  6756 | D:8      | Killed Maggie
  6788 | D:8      | Found Zimeowa's Gadget Shoppe.
  7011 | D:8      | Noticed Maurice
  7032 | D:8      | Killed Maurice
  7108 | D:8      | Found Asecasmo's Changing Room.
  7131 | D:8      | Reached skill level 10 in Fighting
  7169 | D:8      | Got an iridescent hand axe
  7169 | D:8      | Identified the +8 hand axe "Newtslayer" {elec, rN+ Int+3}
                  | (You found it on level 8 of the Dungeon)
  7197 | D:8      | Received a gift from Trog
  7199 | D:8      | Found the +5 scythe "Finisher" {speed, eviscerate}
  7373 | D:8      | Reached XP level 10. HP: 93/93 MP: 11/11
  7470 | D:9      | Found Hiutie's Armour Boutique.
  7560 | D:9      | Found a glowing golden altar of the Shining One.
  7562 | D:9      | Noticed an angel
  7575 | D:9      | Found a basalt altar of Yredelemnul.
  7608 | D:9      | Noticed Gastronok
  7619 | D:9      | Killed Gastronok
  7667 | D:9      | Found Xenweahe's Jewellery Boutique.
  7733 | D:9      | Found Nosh's Antique Armour Emporium.
  7757 | D:9      | Bought a polished chain mail for 247 gold pieces
  7767 | D:9      | Identified the cursed +0 chain mail of Ugoc {Str+5 Dex+4}
                  | (You bought it in a shop on level 9 of the Dungeon)
  7961 | D:9      | Found Saamamegg's Antique Weapon Shoppe.
  7990 | D:9      | Noticed a two-headed ogre
  8000 | D:9      | Killed a two-headed ogre
  8000 | D:9      | Reached skill level 10 in Dodging
  8252 | D:9      | Got a scorched flail
  8253 | D:9      | Identified the +7 flail "Vuthrosiv" {freeze, Fragile rElec
                  | rF+} (You found it on level 9 of the Dungeon)
  8278 | D:10     | Entered Level 10 of the Dungeon
  8284 | D:10     | You fall into a shaft and drop 2 floors!
  8333 | D:12     | Noticed a gargoyle
  8339 | D:12     | Killed a gargoyle
  8453 | D:11     | Reached XP level 11. HP: 102/102 MP: 13/13
  8496 | D:11     | Noticed a cyan ugly thing
  8502 | D:11     | Killed a cyan ugly thing
  8512 | D:11     | Reached skill level 5 in Evocations
  8560 | D:11     | Noticed a purple ugly thing
  8576 | D:11     | Killed a purple ugly thing
  8578 | D:11     | Noticed Erica
  8619 | D:11     | Killed Erica
  8628 | D:11     | Received a gift from Trog
  8769 | D:11     | Noticed a two-headed ogre
  8770 | D:11     | Found Geomaor's Book Boutique.
  8777 | D:11     | Killed a two-headed ogre
  8845 | D:11     | Found a transporter.
  8845 | D:11     | Noticed a brown ugly thing
  8846 | D:11     | Noticed a two-headed ogre
  8847 | D:11     | Noticed Fieqaj's ghost (journeyman TeCj)
  8853 | D:11     | Killed a brown ugly thing
  8853 | D:11     | Noticed a skeletal warrior
  8855 | D:11     | Identified the cursed +1 dire flail of Defence {venom, MR++
                  | Dex+3}
  8855 | D:11     | Noticed a two-headed ogre
  8858 | D:11     | Noticed a skeletal warrior
  8860 | D:11     | Noticed a two-headed ogre
  8864 | D:11     | Killed a skeletal warrior
  8874 | D:11     | Killed a skeletal warrior
  8994 | D:11     | Noticed a skeletal warrior
  9005 | D:11     | Killed a skeletal warrior
  9005 | D:11     | Reached XP level 12. HP: 94/115 MP: 15/15
  9010 | D:11     | Noticed a two-headed ogre
  9015 | D:11     | Killed a two-headed ogre
  9057 | D:11     | Reached skill level 10 in Long Blades
  9058 | D:11     | Found a staircase to the Lair.
  9137 | D:11     | Found a transporter.
  9352 | D:11     | Found Hiyts's General Store.
  9360 | D:11     | Bought a scroll of identify for 26 gold pieces
  9408 | D:11     | Found Qoskanael's Distillery.
  9984 | D:10     | Received a gift from Trog
 10227 | Lair:1   | Entered Level 1 of the Lair of Beasts
 10540 | Lair:1   | Reached skill level 10 in Armour
 10638 | Lair:1   | Noticed Urug
 10648 | Lair:1   | Killed Urug
 10965 | Lair:2   | You fall into a shaft and drop 1 floor!
 11035 | Lair:2   | Found a frozen archway.
 11059 | IceCv    | Entered an ice cave
 11457 | IceCv    | Reached XP level 13. HP: 124/124 MP: 17/17
 11623 | IceCv    | Got a transparent silver amulet
 11649 | IceCv    | Identified the amulet "Qontusem" {RegenMP +Blink Str-3
                  | Dex+2 Slay+3} (You found it in an ice cave)
 12003 | Lair:2   | Received a gift from Trog
 12075 | Lair:2   | HP: 4/125 [acid (14)]
 12822 | Lair:3   | Found a runed translucent gate.
 12822 | Lair:3   | Found a runed translucent gate.
 12822 | Lair:3   | Found a runed translucent gate.
 12838 | Lair:3   | Found a hole to the Spider Nest.
 12856 | Lair:3   | Reached skill level 15 in Fighting
 13010 | Lair:3   | Noticed Nergalle
 13023 | Lair:3   | Killed Nergalle
 13157 | Lair:3   | Noticed Yroovet's ghost (journeyman TrFi)
 13572 | Lair:3   | Killed Yroovet's ghost
 13607 | Lair:3   | Got the ring of Joifulew {Fire}
 13613 | Lair:3   | Identified the ring of Joifulew {Fire Str+7 Dex-4} (You
                  | found it on level 3 of the Lair of Beasts)
 13818 | Lair:4   | Received a gift from Trog
 13954 | Lair:4   | Reached XP level 14. HP: 129/135 MP: 19/19
 14200 | Lair:4   | Found a staircase to the Swamp.
 14592 | Lair:5   | Reached skill level 1 in Shields
 14735 | Lair:5   | Received a gift from Trog
 14898 | Lair:5   | Found a staircase to the Slime Pits.
 15232 | Lair:6   | Entered Level 6 of the Lair of Beasts
 15916 | Lair:6   | Reached skill level 15 in Dodging
 15943 | Lair:6   | Received a gift from Trog
 15987 | Lair:6   | Found a large runed translucent door.
 15988 | Lair:6   | Found a large runed translucent door.
 16465 | Lair:6   | Found a shimmering altar of Xom.
 16915 | D:12     | Found a staircase to the Orcish Mines.
 17324 | D:12     | Found Poqag's Antique Armour Shoppe.
 17598 | Orc:1    | Entered Level 1 of the Orcish Mines
 17602 | Orc:1    | Noticed Harold
 17612 | Orc:1    | Killed Harold
 17804 | D:13     | Reached XP level 15. HP: 135/145 MP: 20/20
 17841 | D:13     | Received a gift from Trog
 18167 | D:13     | Noticed Sonja
 18260 | D:11     | Bought a manual of Dodging for 1545 gold pieces
 18316 | Orc:2    | Entered Level 2 of the Orcish Mines
 18493 | Orc:2    | Noticed an orc warlord
 18508 | Orc:2    | HP: 6/219 [orc knight/+0 battleaxe (11)]
 18706 | Orc:1    | Killed an orc warlord
 18873 | Orc:2    | Reached skill level 5 in Shields
 19100 | Orc:2    | Received a gift from Trog
 19584 | Orc:2    | Found Acech's Antique Armour Shoppe.
 19585 | Orc:2    | Found Edapig's Antique Weapon Emporium.
 19586 | Orc:2    | Found Sumounk's General Store.
 19586 | Orc:2    | Found Pab Asec's Book Shoppe.
 19724 | Orc:2    | Found a staircase to the Elven Halls.
 19880 | Orc:2    | Found a roughly hewn altar of Beogh.
 19891 | Orc:2    | Received a gift from Trog
 20051 | Orc:1    | Found Zupsoygyu's Assorted Antiques.
 20515 | D:13     | Killed Sonja
 21092 | D:14     | Found a gate to the Vaults.
 21924 | D:15     | Entered Level 15 of the Dungeon
 21972 | D:15     | Received a gift from Trog
 22071 | D:15     | Got an ichor-stained triple sword
 22093 | D:15     | Found a staircase to the Depths.
 22093 | D:15     | Noticed a frost giant
 22101 | D:15     | Killed a frost giant
 22116 | D:15     | Identified the +8 triple sword of Overwhelming Force
                  | {speed, SInv Stlth+} (You found it on level 15 of the
                  | Dungeon)
 22155 | D:15     | Found a shattered altar of Ashenzari.
 23000 | Spider:1 | Entered Level 1 of the Spider Nest
 23308 | Spider:1 | Reached XP level 16. HP: 125/157 MP: 22/22
 23362 | Spider:1 | Reached skill level 1 in Throwing
 23385 | Spider:1 | Got an encrusted plate armour
 23395 | Spider:1 | Identified the +10 plate armour of Barivi {+Blink} (You
                  | found it on level 1 of the Spider Nest)
 23700 | Spider:1 | Received a gift from Trog
 24287 | Spider:2 | Slain by an emperor scorpion

Levels and vault maps discovered:
D:1:      minmay_arrival_glassed_features, layout_rooms,
          minmay_misc_feat_four_crosses
D:2:      layout_loops_corners, lemuel_altar_in_water
D:3:      layout_rooms, old_standard_altar, first_ration,
          gup_sewer_entry_bubbles, uniq_robin
D:4:      layout_loops_ring
D:5:      layout_gridville, serial_shops, shop, minivault_1
D:6:      layout_basic
D:7:      layout_basic, chequers_temple_overflow_statue_of_worship,
          minmay_temple_entry_stoned_glass, enter_ossuary_4,
          minmay_misc_feat_encased, minmay_crystal_water, grunt_ogre_cave
D:8:      layout_gridville, serial_shops, shop, nicolae_transmutations_shop,
          minmay_guarded_unrand_finisher, uniq_maggie, uniq_maurice
D:9:      layout_loops_ring, grunt_temple_overflow_holy_war, serial_shops,
          shop_fountains, shop, nicolae_shop_overgrown_old_shop, shop_statue,
          minivault_23, uniq_gastronok
D:10:     layout_gridville
D:11:     layout_loops_ring, david_lair_shrubbed, special_room
          [special_room_kobold], serial_shops, nicolae_shop_trees, shop,
          kennysheep_little_box, gammafunk_ghost_smash, uniq_erica
D:12:     layout_stronghold, orc_0_dummy, serial_shops, kennysheep_mini
D:13:     layout_big_octagon, uniq_sonja
D:14:     minmay_stone_box, layout_long_grid, grunt_vaults_entry_fortified,
          moated_statue
D:15:     grunt_enter_depths_snipers, layout_irregular_city, ashenzari_altar_1,
          minmay_misc_feat_hallway
Temple:   nicolae_temple_x_marks_the_god
Lair:1:   layout_gridlike, uniq_urug
Lair:2:   layout_regular_city, portal_ice_cave_entry_ice_beasts, minivault_19,
          minmay_lair_oklob_chamber
Lair:3:   layout_regular_city, spider_nest_entry_rubble, gammafunk_ghost_icy,
          uniq_nergalle
Lair:4:   kb_forest_paths, layout_small_grid, skrybe_swamp_entry_bodies
Lair:5:   layout_loops_ring, dpeg_slime_entry_corner, kilobyte_rumbling_trees
Lair:6:   cheibrodos_lair_end_hotspot, layout_misc_corridors, basic_altar
Spider:1: layout_spider_delve
Spider:2: layout_chambers, guppyfry_spider_mini_3
Orc:1:    layout_caves, serial_shops, nicolae_shop_crystal, uniq_harold
Orc:2:    st_orc_congregation, layout_caves, minmay_orc_temple_b

Skill      XL: |  1  2  3  4  5  6  7  8  9 10 11 12 13 14 15 16 |
---------------+-------------------------------------------------+-----
Fighting       | 4 5 6 7 8 10 11 13 14 15 16 17 | 17.9
Dodging        | 3 4 5 6 7 9 10 11 12 14 15 17 | 17.5
Long Blades    | 4 5 6 7 8 9 10 11 12 13 | 13.5
Armour         | 3 4 5 7 8 9 10 11 12 13 | 13.2
Evocations     | 2 3 4 6 7 8 9 |  9.8
Shields        | 4 6 7 |  7.0
Throwing       | 1 |  1.7

Action                   |  1- 3 |  4- 6 |  7- 9 | 10-12 | 13-15 | 16-18 || total
-------------------------+-------+-------+-------+-------+-------+-------++-------
Melee: Falchion          |    55 |   216 |    73 |       |       |       ||   344
       Headbutt          |    14 |    40 |    63 |   154 |   387 |    51 ||   709
       Great sword       |       |       |   138 |       |       |       ||   138
       War axe           |       |       |    57 |       |       |       ||    57
       Hand axe          |       |       |    16 |       |       |       ||    16
       Double sword      |       |       |     2 |   438 |  1260 |   129 ||  1829
       Triple sword      |       |       |       |       |    40 |       ||    40
       Scimitar          |       |       |       |       |   104 |       ||   104
 Fire: Hand crossbow     |       |       |       |       |    23 |    10 ||    33
Invok: Berserk           |       |     2 |       |     1 |     5 |     1 ||     9
       Trog's Hand       |       |     1 |       |     1 |     6 |     2 ||    10
       Brothers in Arms  |       |       |       |       |     1 |       ||     1
 Abil: Evoke Flight      |       |       |       |       |     1 |       ||     1
Evoke: Wand              |       |       |     2 |       |       |       ||     2
       Lightning rod     |       |       |       |       |     3 |       ||     3
  Use: Scroll            |       |       |    16 |     6 |    11 |       ||    33
       Potion            |       |       |       |     2 |     3 |       ||     5
 Stab: Sleeping          |       |     1 |       |       |       |       ||     1
       Distracted        |       |       |     1 |       |       |       ||     1
  Eat: Chunk             |       |    13 |    11 |    15 |    43 |     3 ||    85
       Ration            |       |       |       |       |     2 |       ||     2
Armor: Animal skin       |     4 |    15 |       |       |       |       ||    19
       Chain mail        |       |    36 |   197 |   160 |    12 |    41 ||   446
       Ice dragon scales |       |       |       |       |   666 |    17 ||   683
Dodge: Dodged            |    34 |   131 |   187 |   344 |   879 |    86 ||  1661
Block: Shield            |       |       |       |       |   724 |    94 ||   818
       Buckler           |       |       |       |       |     5 |       ||     5
       Rpst.: Falchion   |     8 |    40 |    13 |       |       |       ||    61
       Great sword       |       |       |    16 |       |       |       ||    16
       Double sword      |       |       |     1 |    95 |   162 |    22 ||   280
       Triple sword      |       |       |       |       |    14 |       ||    14
       Scimitar          |       |       |       |       |    26 |       ||    26

Table legend:
 A = Non-vault XP
 B = Vault XP
 C = Vault XP percentage of total XP
 D = Non-vault monster count
 E = Vault monster count
 F = Vault count percentage of total count
                 A         B        C        D         E       F
            +---------+---------+-------+---------+---------+-------
      Total |  109320 |   57701 |  34.5 |     655 |     284 |  30.2
            +---------+---------+-------+---------+---------+-------
        D:1 |      25 |       0 |   0.0 |      17 |       0 |   0.0
        D:2 |     133 |       0 |   0.0 |      31 |       0 |   0.0
        D:3 |     157 |      60 |  27.6 |      31 |      19 |  38.0
        D:4 |     351 |       0 |   0.0 |      28 |       0 |   0.0
        D:5 |     171 |       0 |   0.0 |      10 |       0 |   0.0
        D:6 |    1003 |       0 |   0.0 |      31 |       0 |   0.0
        D:7 |     596 |     115 |  16.2 |      18 |       3 |  14.3
        D:8 |    1567 |    1396 |  47.1 |      30 |       5 |  14.3
        D:9 |    1566 |    2182 |  58.2 |      16 |       1 |   5.9
       D:10 |    2547 |       0 |   0.0 |      30 |       0 |   0.0
       D:11 |    9537 |    3602 |  27.4 |      35 |      28 |  44.4
       D:12 |    4849 |       0 |   0.0 |      25 |       0 |   0.0
       D:13 |    6832 |     820 |  10.7 |      37 |       1 |   2.6
       D:14 |    4872 |    6003 |  55.2 |      25 |      10 |  28.6
       D:15 |    8949 |    3108 |  25.8 |      24 |       3 |  11.1
     Lair:1 |    3966 |     855 |  17.7 |      23 |       1 |   4.2
     Lair:2 |    7989 |    2409 |  23.2 |      28 |      12 |  30.0
     Lair:3 |    7420 |    3691 |  33.2 |      24 |      13 |  35.1
     Lair:4 |    5608 |    5452 |  49.3 |      22 |      21 |  48.8
     Lair:5 |   13102 |     819 |   5.9 |      45 |       7 |  13.5
     Lair:6 |    7118 |    7583 |  51.6 |      28 |      26 |  48.1
   Spider:1 |   17318 |       0 |   0.0 |      49 |       0 |   0.0
   Spider:2 |    1762 |    1307 |  42.6 |       6 |       5 |  45.5
      Orc:1 |     861 |    3385 |  79.7 |      22 |       6 |  21.4
      Orc:2 |    1021 |    9220 |  90.0 |      20 |      68 |  77.3
      Sewer |       0 |      53 | 100.0 |       0 |      19 | 100.0
    Ossuary |       0 |     175 | 100.0 |       0 |      16 | 100.0
      IceCv |       0 |    5466 | 100.0 |       0 |      20 | 100.0
            +---------+---------+-------+---------+---------+-------
